Map: Corrosion EC

Players

NIKI

  • Race: Terran Terran
  • League: Diamond
  • Spawn Location: 11:00

HoldTheDoor - Winner!

  • Race: Protoss Protoss
  • League: Diamond
  • Spawn Location: 5:00

VOD

Have the link to the VOD?

Description

Time

  • Played on: July 4, 2018, 11:48 a.m.
  • Length: 11:34
Show
View Real Time Build Order
Export as new Build Order

NIKI Terran 

Build Orders: MMM Bio 

Get SALT Encoding   

  12  0:01  SCV  
  13  0:14  SCV  
  14  0:22  Supply Depot  
  14  0:26  SCV  
  15  0:44  SCV  
  15  0:45  Barracks  
  16  0:56  SCV  
  17  1:08  SCV  
  18  1:20  SCV  
  18  1:22  Command Center  
  19  1:29  Refinery  
  19  1:37  Marine  
  20  1:42  SCV  
  20  1:43  Bunker  
  21  1:56  Marine  
  21  1:58  Barracks  
  22  2:08  Orbital Command  
  22  2:23  Marine  
  22  2:36  Barracks  
  22  2:37  Orbital Command  
  22  2:44  Supply Depot  
  22  2:55  SCV  
  22  2:58  Marine  
  25  3:07  SCV  
  25  3:11  Barracks Tech Lab  
  25  3:13  SCV  
  25  3:15  Refinery  
  26  3:24  Barracks Tech Lab  
  26  3:25  Factory  
  26  3:26  Barracks Reactor  
  26  3:30  SCV  
  26  3:33  SCV  
  28  3:36  Marauder  
  30  3:42  SCV  
  30  3:44  Engineering Bay  
  31  3:50  Engineering Bay  
  31  3:52  SCV  
  33  3:55  SCV  
  33  4:01  Marauder x2  
  37  4:04  SCV  
  37  4:07  SCV  
  39  4:16  Missile Turret  
  39  4:17  SCV  
  40  4:19  SCV  
  41  4:24  Starport  
  41  4:26  Factory Reactor  
  41  4:29  SCV  
  43  4:31  Marauder  
  43  4:35  Marauder  
  45  4:43  Refinery  
  45  4:44  Supply Depot  
  45  4:49  SCV  
  46  4:55  Stimpack  
  46  5:04  Supply Depot  
  46  5:06  SCV x2, Marauder  
  50  5:18  SCV, Medivac  
  50  5:20  Marine  
  54  5:25  Marine x2  
  54  5:26  Medivac  
  54  5:27  Marine  
  59  5:34  Refinery  
  59  5:37  Supply Depot  
  59  5:38  Marine  
  60  5:43  Marine x2  
  62  5:55  Marine  
  62  5:56  Marine  
  64  6:01  Marine x2  
  66  6:05  Medivac x2  
  70  6:12  Marine  
  70  6:14  Marine  
  70  6:15  Terran Infantry Weapons Level 1  
  70  6:17  Terran Infantry Armor Level 1  
  70  6:18  SCV, Marine  
  74  6:28  Concussive Shells  
  74  6:31  Marauder x2  
  78  6:38  Barracks x2  
  78  6:41  Command Center  
  78  7:01  Marine  
  78  7:07  SCV  
  78  7:08  Marine x2  
  65  7:16  Liberator x2  
  58  7:30  Marine x2  
  58  7:31  Marine x2  
  68  7:37  Barracks Reactor x2  
  68  7:48  SCV, Marine x2  
  71  7:51  Marine  
  71  7:52  Marine  
  73  7:58  Factory Tech Lab  
  73  8:02  Combat Shields  
  74  8:05  SCV x2  
  74  8:06  Marine x2  
  74  8:09  Marine x2  
  74  8:10  Liberator x2  
  74  8:11  Hi-Sec Auto Tracking  
  79  8:14  Marine x2  
  79  8:15  Marine x2  
  79  8:17  SCV  
  84  8:20  Supply Depot  
  84  8:24  Marine x2  
  86  8:27  Marine  
  86  8:34  Planetary Fortress  
  93  8:42  SCV x2, Marine x3  
  93  8:44  Marine  
  93  8:45  Marine x2  
  93  8:46  Missile Turret  
  101  9:01  Armory  
  101  9:03  SCV  
  101  9:04  Liberator x2  
  101  9:09  Missile Turret  
  101  9:21  Marine x2  
  101  9:23  SCV  
  110  9:29  Marine x4  
  114  9:32  Missile Turret  
  114  9:33  Siege Tank  
  117  9:49  SCV, Marine x2  
  117  9:50  Marauder x2  
  117  9:51  Marine  
  125  11:08  Marine x3  
  125  11:11  Marine x4  
  125  11:13  Marine  
Show
View Real Time Build Order
Export as new Build Order

HoldTheDoor Protoss - Winner!

Build Orders:  

Get SALT Encoding   

  12  0:01  Probe  
  13  0:13  Probe  
  14  0:18  Pylon  
  14  0:25  Probe  
  15  0:37  Probe  
  15  0:38  Gateway  
  16  0:45  Assimilator  
  17  0:50  Probe  
  17  1:02  Probe  
  18  1:14  Probe  
  19  1:19  Gateway  
  19  1:23  Assimilator  
  19  1:26  Cybernetics Core, Probe  
  20  1:35  Pylon  
  20  1:38  Probe  
  21  1:48  Probe  
  22  1:54  Warp Gate  
  22  1:56  Probe  
  23  2:05  Stalker  
  25  2:11  Probe, Adept  
  28  2:19  Pylon  
  28  2:23  Probe  
  29  2:35  Probe  
  30  2:37  Stalker  
  30  2:41  Pylon  
  32  2:44  Stalker  
  32  2:51  Probe  
  35  3:04  Robotics Facility  
  34  3:15  Probe  
  34  3:18  Pylon  
  35  3:30  Probe  
  36  3:37  Nexus  
  36  3:41  Pylon  
  36  3:43  Probe  
  37  3:55  Immortal  
  37  4:00  Probe  
  42  4:09  Stalker  
  44  4:11  Sentry  
  44  4:13  Probe  
  47  4:24  Pylon  
  47  4:25  Probe  
  47  4:28  Observer  
  48  4:32  Stalker  
  48  4:37  Probe  
  52  4:40  Pylon  
  52  4:47  Assimilator  
  52  4:49  Probe  
  52  4:51  Probe  
  54  4:53  Stalker  
  56  5:04  Immortal  
  60  5:07  Probe  
  60  5:08  Probe  
  62  5:16  Pylon  
  62  5:19  Probe  
  62  5:20  Probe  
  64  5:21  Stalker  
  64  5:25  Stalker  
  68  5:44  Immortal  
  68  5:53  Robotics Bay  
  72  5:58  Pylon  
  72  6:00  Probe, Gateway  
  72  6:01  Probe  
  72  6:02  Gateway  
  74  6:04  Assimilator  
  74  6:13  Probe  
  74  6:16  Probe  
  76  6:27  Immortal, Adept  
  76  6:28  Adept  
  80  6:34  Shield Battery  
  80  6:37  Shield Battery  
  84  6:50  Pylon  
  84  6:55  Zealot x2  
  78  7:31  Stalker x3  
  78  7:33  Probe x2  
  78  7:34  Colossus  
  92  7:46  Pylon  
  92  7:49  Pylon  
  92  7:50  Extended Thermal Lance  
  92  7:52  Forge  
  92  7:53  Pylon  
  92  7:54  Forge  
  92  7:56  Stalker x4, Pylon  
  100  8:03  Probe  
  100  8:04  Probe  
  102  8:15  Protoss Ground Armor Level 1  
  102  8:18  Colossus, Protoss Shields Level 1  
  102  8:19  Stalker x4  
  110  8:31  Probe  
  110  8:32  Probe  
  118  8:40  Stargate  
  118  8:47  Pylon  
  117  9:07  Nexus  
  117  9:12  Assimilator  
  117  9:14  Pylon  
  117  9:16  Assimilator  
  117  9:17  Pylon  
  117  9:27  Void Ray, Colossus  
  117  9:29  Probe x2  
  129  9:44  Probe x2  
  130  9:54  Twilight Council  
  130  9:56  Probe  
  131  10:07  Void Ray  
  131  10:15  Photon Cannon  
  131  10:18  Photon Cannon  
  131  10:21  Observer  
  136  10:33  Photon Cannon  
  136  10:35  Shield Battery  
  136  10:38  Pylon  
  136  10:39  Immortal  
  136  10:42  Probe x2, Photon Cannon  
  146  10:58  Probe  
  146  10:59  Probe  
  146  11:00  Probe  
  119  11:30  Stalker x3  
  125  11:31  Stalker  
Tags
 
Composition
MMM Bio
Matchup
PvT
Spawn Locations
Cross Positions
Add a new tag
Caveats
  • Supply blocks, unpowered buildings, or Contaminate may cause inaccurate times.
  • Supply counts are checked every 10 seconds.